 Dungeon Crawl Stone Soup version 0.18.1-6-gd335043 (webtiles) character file.

31935 dorian the Cleaver (level 14, 0/95 HPs)
             Began as a Formicid Abyssal Knight on May 17, 2016.
             Was an Elder of Lugonu.
             Slain by a death yak (8 damage)
             ... on level 6 of the Lair of Beasts.
             The game lasted 00:49:57 (24184 turns).

dorian the Cleaver (Formicid Abyssal Knight)       Turns: 24184, Time: 00:49:57

Health: 0/95       AC: 23    Str: 26    XL:     14   Next: 0%
Magic:  15/23      EV:  7    Int: 13    God:    Lugonu [****..]
Gold:   995        SH: 11    Dex: 10    Spells: 0 memorised, 13 levels left

rFire  + . .     SeeInvis +     H - +0 battleaxe (flame)
rCold  . . .     Gourm    .     M - +1 plate armour {rF+}
rNeg   . . .     Faith    .     s - +0 shield
rPois  .         Spirit   .     (helmet unavailable)
rElec  .         Dismiss  .     (no cloak)
rCorr  .         Reflect  .     u - +2 pair of gloves
SustAt .         Harm     .     (no boots)
MR     +....                    (no amulet)
Stlth  ..........               P - ring of stealth
                                j - +4 ring of protection

@: mighty, somewhat resistant to hostile enchantments, extremely unstealthy
A: permanent stasis, dig shafts and tunnels, four strong arms, antennae 3,
hooves 1, frail 1, wild magic 2
a: Dig, Shaft Self, Depart the Abyss, Bend Space, Banish, Corrupt, Renounce
Religion


You were on level 6 of the Lair of Beasts.
You worshipped Lugonu.
Lugonu was greatly pleased with you.
You were hungry.

You visited 2 branches of the dungeon, and saw 18 of its levels.
You visited the Abyss 1 time.
You also visited: Ossuary.

You collected 995 gold pieces.

Inventory:

Hand Weapons
 z - a +0 demon whip of electrocution
   (You found it on level 10 of the Dungeon)
 H - a +0 battleaxe of flaming (weapon)
   (You took it off a wight on level 9 of the Dungeon)
 I - a +3 battleaxe
   (You found it on level 5 of the Lair of Beasts)
Missiles
 A - 26 tomahawks (quivered)
 E - 11 javelins
Armour
 b - a +0 leather armour
 s - a +0 shield (worn)
   (You found it on level 7 of the Dungeon)
 u - a +2 pair of gloves (worn)
   (You found it on level 3 of the Dungeon)
 v - a +0 plate armour
   (You found it on level 3 of the Dungeon)
 M - a +1 plate armour of fire resistance (worn)
   (You found it on level 11 of the Dungeon)
Jewellery
 j - a +4 ring of protection (left hand)
   (You found it on level 5 of the Dungeon)
 m - an uncursed ring of fire
   (You found it on level 3 of the Lair of Beasts)
 L - an uncursed ring of ice
   (You found it on level 11 of the Dungeon)
 N - an uncursed ring of ice
   (You found it on level 11 of the Dungeon)
 P - a ring of stealth (right hand)
   (You found it on level 1 of the Lair of Beasts)
Wands
 a - a wand of polymorph (18/24)
   (You found it on level 3 of the Lair of Beasts)
 l - a wand of iceblast (15/15)
   (You found it on level 10 of the Dungeon)
 w - a wand of slowing (6/48)
   (You found it on level 10 of the Dungeon)
 x - a wand of disintegration (10/24)
   (You found it on level 3 of the Lair of Beasts)
 D - a wand of random effects (32/48)
   (You found it on level 9 of the Dungeon)
 F - a wand of paralysis (11/24)
   (You found it on level 5 of the Lair of Beasts)
 T - a wand of iceblast (7/15)
   (You found it on level 5 of the Lair of Beasts)
 U - a wand of random effects (31/48)
   (You found it on level 6 of the Lair of Beasts)
Scrolls
 g - a scroll of silence
 o - 2 scrolls of magic mapping
 r - 2 scrolls of identify
 t - 7 scrolls of remove curse
 y - 2 scrolls of fear
 B - 2 scrolls of fog
 O - a scroll of amnesia
Potions
 e - 2 potions of ambrosia
 h - 3 potions of cure mutation
 i - 3 potions of invisibility
 k - 4 potions of might
 p - a potion of mutation
 q - 4 potions of lignification
 G - a potion of flight
 J - a potion of brilliance
 K - a potion of cancellation
 Q - a potion of magic
 S - a potion of resistance
Comestibles
 c - 11 bread rations
 d - 12 meat rations
 f - 10 royal jellies
 C - 18 fruits
 R - 3 slices of pizza
 Z - 6 chunks of flesh


   Skills:
 - Level 8.6 Fighting
 * Level 14.2 Axes
 - Level 1.1(9.5) Maces & Flails
 + Level 11.3 Armour
 - Level 0.8 Dodging
 + Level 7.1 Shields
 + Level 13.0 Invocations


You had 13 spell levels left.
You didn't know any spells.

Dungeon Overview and Level Annotations

Branches:
Dungeon (12/15)            Temple (0/1) D:4            Lair (6/8) D:10
  Swamp (0/4) Lair:3       Spider (0/4) Lair:4          Orc (0/2) D:9
  Slime: Lair:6-8

Altars:
Ashenzari
Cheibriados
Okawaru
Pakellas
Sif Muna
The Shining One

Shops:
D:4 (

Annotations:
D:12 ololoev's ghost, journeyman MiFi
Abyss:1 Grinder, Pikel


Innate Abilities, Weirdness & Mutations

You are under a permanent stasis effect.
You can dig through walls and to a lower floor.
Your four strong arms can wield two-handed weapons with a shield.
You have a pair of large antennae on your head (SInv).
You have large cloven feet.
You are frail (-10% HP).
Your spells are harder to cast, but more powerful.


Message History

* * * LOW HITPOINT WARNING * * *
You barely miss the death yak. Your kick misses the death yak.
The death yak is severely wounded.
The death yak gores you!
* * * LOW HITPOINT WARNING * * *
You hit the death yak. You burn the death yak.
The death yak is severely wounded.
You block the death yak's attack.
You slice the death yak!! You burn the death yak.
You kill the death yak!
Lugonu accepts your kill.
You have reached level 14!
You hit the death yak but do no damage. Your kick misses the death yak.
The death yak gores you!
* * * LOW HITPOINT WARNING * * *
Your shield and plate armour prevent you from hitting the death yak.
You kick the death yak!
The death yak is lightly wounded.
You block the death yak's attack.
You hit the death yak. You burn the death yak.
The death yak is lightly wounded.
The death yak gores you but does no damage.
You hit the death yak. You burn the death yak.
The death yak is moderately wounded.
You block the death yak's attack.
You slice the death yak!! You burn the death yak. You kick the death yak.
The death yak is severely wounded.
The death yak gores you!
* * * LOW HITPOINT WARNING * * *
You hit the death yak. You burn the death yak.
You kick the death yak, but do no damage.
The death yak is almost dead.
The death yak closely misses you.
You hit the death yak. You burn the death yak.
The death yak is almost dead.
The death yak gores you!
* * * LOW HITPOINT WARNING * * *
Drink which item? (? for menu, Esc to quit)
You feel better. You block the death yak's attack.
Press: ? - help, Shift-Dir - straight line, f - death yak
Aim: a death yak (almost dead, chance to defeat MR: 26%)
The death yak easily resists.
You are feeling hungry.
The death yak gores you!
* * * LOW HITPOINT WARNING * * *
Press: ? - help, Shift-Dir - straight line, f/p - death yak
Aim: a death yak (almost dead, chance to defeat MR: 26%)
The death yak easily resists.
You feel somewhat more hungry. The death yak gores you!
You die...

#####......##.{...............
##.P#.....(#..{...P............
#P..........##.................
###...........#.........P.)####
#......P.......#..........#
##..P......(#....<.#......##
##........#Y#P.#..........# #
#....#####Y###.#...P.##### #
###P....# ##@.##......# #
#..P....## ###.....####
##.....#.# #.#.....# #.....####
##......# ##....# ###.....#
##.....## ##.......## #.####..#
###.........### ### ##.##
#............P#### #..##
#................#


You could see 2 death yaks.

Vanquished Creatures
  4 death yaks (Lair:6)
  A griffon (Lair:3)
  3 spiny frogs
  A torpor snail (Lair:4)
  A black mamba (Lair:1)
  4 komodo dragons
  3 rime drakes
  12 blink frogs
  A vampire (D:11)
  2 wyverns
  9 hippogriffs
  46 yaks
  A steam dragon (D:11)
  12 porcupines
  12 water moccasins
  3 sky beasts
  4 orc warriors
  2 slaves (D:5)
  A necrophage (D:9)
  5 phantoms
  6 wolves
  3 ogres
  4 centaurs
  8 crocodiles
  A big kobold (D:11)
  17 giant frogs
  5 water moccasin zombies (Ossuary)
  4 scorpions
  A water moccasin skeleton (D:6)
  6 wights
  5 killer bees
  6 crimson imps
  6 howler monkeys
  7 hounds
  2 quasits
  2 orc priests
  5 jellies
  7 orc wizards
  4 giant frog skeletons
  3 centaur skeletons
  9 iguanas
  6 hell rats (Lair:6)
  7 worker ants
  A killer bee zombie (D:10)
  3 big kobold zombies (Ossuary)
  15 sheep
  A hound zombie (D:8)
  2 mummies (Ossuary)
  A worker ant zombie (D:6)
  15 adders
  51 river rats
  A shadow imp (D:12)
  6 oozes
  An adder skeleton (D:4)
  5 adder zombies (Ossuary)
  3 worms
  3 dart slugs
  3 giant geckos
  44 orcs
  19 bats
  5 giant cockroaches
  A gnoll zombie (Ossuary)
  7 hobgoblins
  13 jackals
  5 quokkas
  4 ball pythons
  5 giant newts
  15 goblins
  3 hobgoblin zombies (Ossuary)
  13 kobolds
  6 kobold zombies (Ossuary)
  5 orc zombies (Ossuary)
  A quokka skeleton (D:6)
  11 rats
  7 fungi
  5 plants
531 creatures vanquished.

Vanquished Creatures (others)
  3 hydras
  3 hill giants
  A wolf spider (Lair:4)
  3 black mambas
  2 spiny frogs (Lair:6)
  A jumping spider (Lair:4)
  3 blink frogs
  A redback (Lair:4)
  A wyvern (D:12)
  2 hungry ghosts
  2 porcupines (Lair:4)
  2 orc warriors
  A slave (D:5)
  A wasp (D:8)
  2 killer bees (D:7)
  A hell rat (Lair:6)
  7 fungi
  2 plants
38 creatures vanquished.

Grand Total: 569 creatures vanquished

Notes
Turn   | Place    | Note
--------------------------------------------------------------
     0 | Abyss:1  | dorian the Formicid Abyssal Knight began the quest for the Orb.
     0 | Abyss:1  | Reached XP level 1. HP: 18/18 MP: 2/2
   140 | Abyss:1  | Found a corrupted altar of Lugonu.
   196 | Abyss:1  | Noticed a starcursed mass
   199 | D:1      | Escaped the Abyss
   484 | D:1      | Reached * piety under Lugonu
   484 | D:1      | Reached XP level 2. HP: 16/24 MP: 4/4
   523 | D:1      | Reached skill level 3 in Invocations
   908 | D:1      | Reached XP level 3. HP: 27/29 MP: 5/5
   931 | D:2      | HP: 14/29 [worm (6)]
  1139 | D:2      | HP: 8/29 [worm (10)]
  1686 | D:2      | Reached ** piety under Lugonu
  1686 | D:2      | Reached skill level 3 in Axes
  1904 | D:2      | Reached XP level 4. HP: 35/35 MP: 6/6
  2203 | D:3      | Noticed Grinder
  2357 | D:3      | Reached skill level 4 in Invocations
  2366 | D:3      | HP: 12/35 [orc wizard/puff of flame (7)]
  2372 | D:3      | HP: 6/35 [orc wizard/magic dart (3)]
  2374 | D:3      | Reached XP level 5. HP: 7/41 MP: 8/8
  2800 | D:3      | Noticed a phantom
  3093 | D:3      | Reached skill level 4 in Axes
  3272 | D:4      | Reached skill level 5 in Invocations
  3287 | D:4      | Found a staircase to the Ecumenical Temple.
  3308 | D:4      | HP: 20/41 [worker ant (1)]
  3312 | D:4      | Reached XP level 6. HP: 20/47 MP: 9/9
  3316 | D:4      | HP: 19/47 [poisoned by a worker ant]
  3662 | D:4      | Found Soesm's Antique Weapon Shop.
  3698 | D:4      | Noticed an orc warrior
  3727 | D:3      | HP: 17/47 [orc warrior/dire flail (18)]
  3741 | D:3      | HP: 9/47 [phantom (4)]
  3789 | D:3      | HP: 8/47 [orc warrior/dire flail (8)]
  4270 | D:4      | Reached *** piety under Lugonu
  4950 | D:5      | Entered Level 5 of the Dungeon
  4966 | D:5      | Found a shattered altar of Ashenzari.
  4989 | D:5      | Noticed an orc warrior
  4991 | D:5      | Banished an orc warrior
  4991 | D:5      | Reached skill level 6 in Invocations
  5006 | D:5      | Reached skill level 5 in Axes
  5006 | D:5      | Reached XP level 7. HP: 45/52 MP: 4/11
  5194 | D:5      | Noticed Pikel
  5223 | D:5      | HP: 26/52 [slave[Pikel] (2)]
  5532 | D:5      | HP: 25/52 [slave[Pikel] (5)]
  5538 | D:5      | HP: 14/52 [slave[Pikel] (3)]
  5838 | D:5      | HP: 25/52 [slave[Pikel] (5)]
  5844 | D:5      | HP: 19/52 [slave[Pikel] (6)]
  5846 | D:5      | Banished Pikel
  5846 | D:5      | Reached skill level 7 in Invocations
  6216 | D:5      | Found a snail-covered altar of Cheibriados.
  6418 | D:6      | Reached XP level 8. HP: 57/58 MP: 13/13
  6455 | D:6      | Reached skill level 8 in Invocations
  6632 | D:6      | Reached skill level 6 in Axes
  6930 | D:6      | Reached skill level 9 in Invocations
  7092 | D:6      | Found a deep blue altar of Sif Muna.
  7347 | D:3      | HP: 29/58 [orc warrior/dire flail (17)]
  7554 | D:3      | Banished Grinder
  7554 | D:3      | Reached skill level 10 in Invocations
  7554 | D:3      | Reached XP level 9. HP: 64/64 MP: 16/16
  7661 | D:3      | Found an oddly glowing altar of Pakellas.
  7876 | D:7      | Reached skill level 7 in Axes
  7876 | D:7      | Reached skill level 3 in Armour
  7935 | D:7      | Found a sand-covered staircase.
  7940 | Ossuary  | Entered an ossuary
  8044 | Ossuary  | Reached skill level 4 in Armour
  8305 | D:7      | Noticed a hill giant
  8306 | D:7      | Banished a hill giant
  8306 | D:7      | Reached skill level 8 in Axes
  8306 | D:7      | Reached skill level 5 in Armour
  8412 | D:7      | Noticed a hill giant
  8428 | D:7      | Banished a hill giant
  8511 | D:7      | Reached skill level 6 in Armour
  8523 | D:7      | HP: 30/64 [killer bee (4)]
  8528 | D:7      | HP: 19/64 [poisoned by a killer bee]
  8533 | D:7      | HP: 13/64 [poisoned by a killer bee]
  8538 | D:7      | HP: 9/64 [poisoned by a killer bee]
  8544 | D:7      | HP: 7/64 [poisoned by a killer bee]
  8551 | D:7      | HP: 5/64 [poisoned by a killer bee]
  8558 | D:7      | HP: 4/64 [poisoned by a killer bee]
  8566 | D:7      | HP: 4/64 [poisoned by a killer bee]
  8969 | D:7      | Reached XP level 10. HP: 65/70 MP: 17/17
  9050 | D:7      | Reached skill level 1 in Shields
  9358 | D:7      | Reached skill level 9 in Axes
  9358 | D:7      | Reached skill level 2 in Shields
  9476 | D:8      | Reached skill level 3 in Shields
  9605 | D:8      | Reached **** piety under Lugonu
  9626 | D:8      | Reached skill level 4 in Shields
 10038 | D:8      | Reached skill level 5 in Shields
 10225 | D:9      | Found a staircase to the Orcish Mines.
 10229 | D:9      | Found a glowing golden altar of the Shining One.
 10354 | D:9      | Found an iron altar of Okawaru.
 11155 | D:9      | Reached skill level 10 in Axes
 11295 | D:10     | Entered Level 10 of the Dungeon
 11311 | D:10     | Reached skill level 7 in Armour
 11464 | D:10     | Identified a book of Annihilations
 11771 | D:10     | Found a staircase to the Lair.
 11919 | D:10     | Reached skill level 1 in Maces & Flails
 12231 | D:10     | Reached XP level 11. HP: 61/74 MP: 18/18
 12308 | D:11     | Reached ***** piety under Lugonu
 12358 | D:11     | Identified a book of Spatial Translocations
 12407 | D:11     | Reached skill level 4 in Fighting
 12407 | D:11     | Reached skill level 8 in Armour
 13034 | D:11     | HP: 36/77 [vampire/vampiric draining (11)]
 13040 | D:11     | HP: 18/78 [vampire (10)]
 13043 | D:11     | Reached skill level 11 in Axes
 13424 | D:11     | Reached skill level 5 in Fighting
 13602 | D:12     | Noticed a hill giant
 13618 | D:12     | HP: 21/79 [hill giant/giant spiked club (22)]
 13619 | D:12     | Banished a hill giant
 13857 | D:12     | Noticed ololoev's ghost (journeyman MiFi)
 14036 | D:11     | Gained mutation: You are robust (+10% HP). [mutagenic meat]
 14037 | D:11     | Gained mutation: You have large cloven feet. [mutagenic meat]
 14038 | D:11     | Gained mutation: Your spells are a little harder to cast, but a little more powerful. [mutagenic meat]
 14039 | D:11     | Lost mutation: You are robust (+10% HP). [mutagenic meat]
 14040 | D:11     | Gained mutation: Your spells are harder to cast, but more powerful. [mutagenic meat]
 14041 | D:11     | Gained mutation: You are frail (-10% HP). [mutagenic meat]
 14072 | Lair:1   | Entered Level 1 of the Lair of Beasts
 14623 | Lair:1   | Reached skill level 11 in Invocations
 14643 | Lair:1   | Reached skill level 9 in Armour
 14650 | Lair:1   | Reached skill level 6 in Fighting
 14818 | Lair:1   | Identified a book of the Tempests
 15100 | Lair:1   | Reached XP level 12. HP: 80/80 MP: 20/20
 15683 | Lair:2   | Noticed a six-headed hydra
 15684 | Lair:2   | Banished a six-headed hydra
 16454 | Lair:3   | Reached skill level 12 in Axes
 16599 | Lair:3   | Noticed a four-headed hydra
 16641 | Lair:3   | HP: 37/80 [spiny frog (12)]
 16646 | Lair:3   | HP: 25/80 [spiny frog (2)]
 16652 | Lair:2   | HP: 25/80 [wolf (2)]
 16654 | Lair:2   | Reached skill level 7 in Fighting
 17447 | Lair:3   | Found a staircase to the Swamp.
 17447 | Lair:3   | Noticed a seven-headed hydra
 17688 | Lair:3   | Banished a seven-headed hydra
 17689 | Lair:3   | Banished a four-headed hydra
 17806 | Lair:3   | HP: 29/81 [black mamba (13)]
 17811 | Lair:3   | HP: 18/81 [poisoned by a black mamba]
 17816 | Lair:3   | HP: 12/81 [poisoned by a black mamba]
 17821 | Lair:3   | HP: 8/81 [poisoned by a black mamba]
 17827 | Lair:3   | HP: 5/81 [poisoned by a black mamba]
 17834 | Lair:3   | HP: 4/81 [poisoned by a black mamba]
 17841 | Lair:3   | HP: 3/81 [poisoned by a black mamba]
 17849 | Lair:3   | HP: 3/81 [poisoned by a black mamba]
 18446 | Lair:4   | Reached skill level 10 in Armour
 18564 | Lair:4   | Reached skill level 12 in Invocations
 18573 | Lair:4   | HP: 38/82 [yak (7)]
 19104 | Lair:4   | Reached XP level 13. HP: 87/88 MP: 22/22
 19117 | Lair:4   | Reached skill level 8 in Fighting
 19175 | Lair:4   | Reached skill level 13 in Axes
 19491 | Lair:4   | HP: 36/88 [porcupine (10)]
 19492 | Lair:4   | HP: 14/88 [porcupine (8)]
 19836 | Lair:4   | Found a hole to the Spider Nest.
 19932 | Lair:4   | HP: 44/89 [blink frog (2)]
 20331 | Lair:5   | Noticed a seven-headed hydra
 20556 | Lair:5   | Banished a seven-headed hydra
 20776 | Lair:5   | HP: 44/89 [poisoned by a spiny frog]
 20781 | Lair:5   | HP: 34/89 [poisoned by a spiny frog]
 20786 | Lair:5   | HP: 27/89 [poisoned by a spiny frog]
 20791 | Lair:5   | HP: 23/89 [poisoned by a spiny frog]
 20796 | Lair:5   | HP: 21/89 [poisoned by a spiny frog]
 20801 | Lair:5   | HP: 19/89 [poisoned by a spiny frog]
 20806 | Lair:5   | HP: 18/89 [poisoned by a spiny frog]
 20813 | Lair:5   | HP: 18/89 [poisoned by a spiny frog]
 20821 | Lair:5   | HP: 18/89 [poisoned by a spiny frog]
 21150 | Lair:5   | HP: 37/89 [blink frog (8)]
 21156 | Lair:5   | HP: 14/89 [blink frog (9)]
 21162 | Lair:5   | HP: 13/89 [blink frog (4)]
 21612 | Lair:5   | Reached skill level 6 in Shields
 22443 | Lair:6   | Reached skill level 11 in Armour
 23016 | Lair:6   | HP: 39/89 [komodo dragon (20)]
 23288 | Lair:6   | Reached skill level 14 in Axes
 23309 | Lair:6   | HP: 41/89 [rime drake/flash freeze (6)]
 24155 | Lair:6   | Reached skill level 13 in Invocations
 24163 | Lair:6   | HP: 44/89 [death yak (2)]
 24168 | Lair:6   | Reached skill level 7 in Shields
 24171 | Lair:6   | HP: 42/89 [death yak (3)]
 24174 | Lair:6   | Reached XP level 14. HP: 29/95 MP: 23/23
 24175 | Lair:6   | HP: 18/95 [death yak (11)]
 24181 | Lair:6   | HP: 4/95 [death yak (9)]
 24184 | Lair:6   | Slain by a death yak

Skill      XL: |  1  2  3  4  5  6  7  8  9 10 11 12 13 |
---------------+----------------------------------------+-----
Invocations    | 3 4 5 6 7 10 11 12 13 | 13.0
Axes           | 3 4 5 6 8 10 11 12 14 | 14.2
Armour         | 6 7 9 10 11 | 11.3
Shields        | 5 7 |  7.1
Maces & Flails | 1 |  1.1
Fighting       | 6 7 8 |  8.6
Dodging        | |  0.8

Action                   |  1- 3 |  4- 6 |  7- 9 | 10-12 | 13-15 || total
-------------------------+-------+-------+-------+-------+-------++-------
Melee: Hand axe          |   113 |   231 |   437 |   346 |       ||  1127
       Dagger            |    10 |       |       |       |       ||    10
       Flail             |       |    11 |    86 |       |       ||    97
       Battleaxe         |       |       |       |   473 |   474 ||   947
       Demon whip        |       |       |       |   381 |       ||   381
       Kick              |       |       |       |   104 |   136 ||   240
Throw: Tomahawk          |       |       |       |     2 |     3 ||     5
Invok: Depart the Abyss  |     1 |       |       |       |       ||     1
       Banish            |       |     2 |     8 |    19 |    16 ||    45
 Abil: Dig               |       |     7 |     3 |    11 |     8 ||    29
Evoke: Wand              |       |       |       |       |     2 ||     2
  Use: Scroll            |       |     1 |    12 |    16 |     3 ||    32
       Potion            |       |       |       |     3 |     3 ||     6
  Eat: Chunk             |     3 |    12 |    10 |    42 |    15 ||    82
       Pizza             |       |       |     2 |     1 |       ||     3
       Beef jerky        |       |       |     1 |     2 |     1 ||     4
       Royal jelly       |       |       |     1 |       |       ||     1
       Fruit             |       |       |       |     1 |       ||     1
       Meat ration       |       |       |       |       |     1 ||     1
Armor: Leather armour    |     2 |       |       |       |       ||     2
       Ring mail         |    41 |    11 |       |       |       ||    52
       Plate armour      |       |   126 |   374 |   627 |   247 ||  1374
Dodge: Dodged            |    78 |    81 |   119 |   203 |    89 ||   570
Block: Shield            |       |       |       |   528 |   234 ||   762
